 Dungeon Crawl Stone Soup version 0.31-a0-222-gefeffbb62a (webtiles) character file.

Game seed: 2939568012732801693

146 qw the Shooter (level 5, -5/39 (42) HPs)
             Began as a Minotaur Hexslinger on July 4, 2023.
             Slain by a gnoll
             ... wielding a +0 flail
             ... led by a gnoll bouda
              (7 damage)
             ... on level 3 of the Dungeon.
             The game lasted 00:00:49 (1991 turns).

qw the Shooter (Minotaur Hexslinger)                Turns: 1991, Time: 00:00:50

HP:   -5/39 (42)    AC:  6    Str: 12    XL:     5   Next: 7%
MP:   5/5           EV: 11    Int: 10    God:
Gold: 72            SH:  0    Dex: 15    Spells: 5/6 levels left

rFire   . . .        Y - +1 sling
rCold   . . .        (no shield)
rNeg    . . .        g - +0 ring mail
rPois   .            (helmet restricted)
rElec   .            (no cloak)
rCorr   .            d - +0 pair of gloves
SInv    .            (no boots)
Will    .....        (no amulet)
Stlth   +            (no ring)
HPRegen 0.26/turn    (no ring)
MPRegen 0.09/turn

%: no passive effects
@: drained
A: horns 2, retaliatory headbutt
a: no special abilities


You were on level 3 of the Dungeon.
You visited 1 branch of the dungeon, and saw 3 of its levels.

You collected 72 gold pieces.


Innate Abilities, Weirdness & Mutations

You have a pair of horns on your head.
You reflexively headbutt those who attack you in melee.


   Skills:
 + Level 2.7 Fighting
 - Level 5.1 Ranged Weapons
 - Level 1.0 Armour
 - Level 2.1 Dodging
 - Level 1.0 Spellcasting
 - Level 2.0 Hexes


You had 5 spell levels left.
You knew the following spells:

 Your Spells              Type           Power      Damage    Failure   Level
a - Slow                  Hex            16%        N/A       34%         1

Your spell library contained the following spells:

 Spells                   Type           Power      Damage    Failure   Level
 Inner Flame              Hex/Fire       2%         N/A       83%         3
 Portal Projectile        Hex/Tloc       4%         N/A       83%         3
 Cause Fear               Hex            2%         N/A       98%         4

Inventory:

Hand Weapons
 Y - a +1 sling (weapon)
Armour
 d - a +0 pair of gloves (worn)
 g - a +0 ring mail (worn)
Scrolls
 c - a scroll of identify
Potions
 a - a potion of cancellation
 b - a potion of attraction {unknown}
 f - a potion of brilliance {unknown}
 h - 2 potions of resistance

Dungeon Overview and Level Annotations

Branches:
Dungeon (3/15)

Altars:


Message History

Enter note:
1982 ||| Stepping ~*~*~tactically~*~*~ (outnumbered).
Enter note: You shoot a sling bullet.
The sling bullet hits the gnoll.
The gnoll is lightly wounded.
You shoot a sling bullet.
The sling bullet hits the gnoll but does no damage.
A gnoll comes into view. It is wielding a +2 whip of draining.
You shoot a sling bullet.
The sling bullet barely misses the gnoll.
You shoot a sling bullet. The sling bullet hits the gnoll.
The gnoll is heavily wounded.
The gnoll closely misses you.
The gnoll hits you from afar with a +0 halberd!
You shoot a sling bullet. The sling bullet hits the gnoll.
The gnoll is heavily wounded.
The gnoll hits you but does no damage. x2
You shoot a sling bullet.
The sling bullet closely misses the gnoll.
The gnoll closely misses you.
The gnoll hits you from afar with a +0 spear.
The gnoll barely misses you.
You shoot a sling bullet.
The sling bullet closely misses the gnoll.
The sling bullet hits the gnoll but does no damage.
The gnoll closely misses you.
The gnoll hits you but does no damage. x2
You feel drained. The gnoll hits you but does no damage. The gnoll misses you.
The gnoll hits you but does no damage. The gnoll barely misses you.
You shoot a sling bullet.
The sling bullet closely misses the gnoll.
The gnoll hits you from afar with a +0 halberd!
The gnoll barely misses you.
The gnoll hits you with a +2 whip of draining.
You feel drained.
You shoot a sling bullet.
The sling bullet barely misses the gnoll.
The gnoll hits you from afar with a +0 halberd.
The gnoll hits you from afar with a +0 spear.
The gnoll closely misses you. The gnoll hits you with a +0 flail!
You die...

#......#.#####.#.#
###...##.#.........#
#........###########
###.#.#.#####
#...#.......#
#.......###.#
##.....### #.# .......#
#.#######
#......#####.##.@g.##
#............##.g.g.#
..#...###.##.....#g...#
###..#... ##.##.##..#.#
.##[..... #.##.....# #
....##.### #......#.#
>..###.# ####.#.#.#
##.# # #.#.#gg ...
#...###


You could see 4 gnolls.

Vanquished Creatures
  Natasha (thrice) (D:2)
  A gnoll (D:2)
  A worm (D:2)
  A dart slug (D:1)
  4 ball pythons
  5 bats
  6 endoplasms
  4 giant cockroaches
  7 goblins
  8 hobgoblins
  7 kobolds
  A frilled lizard (D:2)
  6 rats
54 creatures vanquished.

Notes
Turn   | Place    | Note
-------+----------+-------------------------------------------
     0 | D:1      | qw the Minotaur Hexslinger began the quest for the Orb.
     0 | D:1      | Reached XP level 1. HP: 16/16 MP: 1/1
     0 | D:1      | 0 ||| qw: Version: 0.3-a-46-gb1f654a
     0 | D:1      | 0 ||| qw: Game counter: 947
     0 | D:1      | 0 ||| qw: Melee chars always use a shield: true
     0 | D:1      | 0 ||| qw: God list: Okawaru
     0 | D:1      | 0 ||| qw: Allow faded altars: false
     0 | D:1      | 0 ||| qw: Do Orc after clearing Dungeon:15 true
     0 | D:1      | 0 ||| qw: Do second Lair branch before Depths: true
     0 | D:1      | 0 ||| qw: Lair rune preference: random
     0 | D:1      | 0 ||| qw: Goals: Normal
     0 | D:1      | 0 ||| PLANNING D:1-11
   114 | D:1      | Reached skill level 3 in Ranged Weapons
   136 | D:1      | Reached XP level 2. HP: 23/23 MP: 2/2
   558 | D:1      | Reached XP level 3. HP: 29/29 MP: 3/3
   621 | D:1      | 621 ||| UPGRADING to +0 leather armour.
   631 | D:1      | 631 ||| DROPPING +0 robe.
   632 | D:1      | 632 ||| UPGRADING to +0 ring mail.
   642 | D:1      | 642 ||| DROPPING +0 leather armour.
   643 | D:1      | 643 ||| READING scroll labelled ZURUPSUYTE.
   644 | D:1      | 644 ||| READING 3 scrolls labelled FOYSIOSHYS.
   645 | D:1      | 645 ||| READING scroll labelled FIFULAN GOACE.
   646 | D:1      | 646 ||| DROPPING scroll of poison.
   647 | D:1      | 647 ||| DROPPING 2 scrolls of immolation.
   872 | D:2      | Reached skill level 4 in Ranged Weapons
   962 | D:2      | 962 ||| FLEEEEING.
   963 | D:2      | 963 ||| FLEEEEING.
  1007 | D:2      | Reached skill level 1 in Armour
  1215 | D:2      | Reached XP level 4. HP: 36/36 MP: 4/4
  1321 | D:2      | Noticed Natasha
  1330 | D:2      | HP: 8/36 [Natasha (2)]
  1331 | D:2      | Killed Natasha
  1523 | D:2      | Noticed Natasha
  1533 | D:2      | Killed Natasha
  1534 | D:2      | Reached skill level 5 in Ranged Weapons
  1697 | D:2      | Noticed Natasha
  1709 | D:2      | Killed Natasha
  1710 | D:2      | Reached XP level 5. HP: 31/42 MP: 5/5
  1865 | D:2      | 1865 ||| UPGRADING to +0 pair of gloves.
  1870 | D:2      | 1870 ||| READING scroll labelled HYKHEU QILEOTI.
  1871 | D:2      | 1871 ||| DRINKING 2 fizzy golden potions.
  1872 | D:2      | 1872 ||| DRINKING 3 sedimented emerald potions.
  1982 | D:3      | 1982 ||| Stepping ~*~*~tactically~*~*~ (outnumbered).
  1991 | D:3      | HP: 5/39 [gnoll/+0 halberd[a gnoll bouda] (5)]
  1991 | D:3      | HP: 2/39 [gnoll/+0 spear[a gnoll bouda] (3)]
  1991 | D:3      | Slain by a gnoll

Levels and vault maps discovered:
D:1:      amcnicky_arrival_choice, layout_basic
D:2:      cheibrodos_helix_gallery, layout_basic, uniq_natasha
D:3:      layout_basic, shapermc_ecumenical_altar_starsandcircs,
          kennysheep_generic_room_12

Skill      XL: |  1  2  3  4 |
---------------+-------------+-----
Ranged Weapons | 3 4 5 |  5.1
Fighting       | 2 |  2.7
Armour         | 1 |  1.0
Dodging        | |  2.1
Spellcasting   | |  1.0
Hexes          | |  2.0

Action                     |  1- 3 |  4- 6 || total
---------------------------+-------+-------++-------
   Fire: Sling             |   141 |    49 ||   190
    Use: Scroll            |     3 |     1 ||     4
         Potion            |       |     2 ||     2
 Armour: Robe              |     2 |       ||     2
         Ring mail         |    12 |    13 ||    25
  Dodge: Dodged            |    33 |    22 ||    55

Table legend:
 A = Non-vault XP
 B = Vault XP
 C = Vault XP percentage of total XP
 D = Non-vault monster count
 E = Vault monster count
 F = Vault count percentage of total count
                 A         B        C        D         E       F
            +---------+---------+-------+---------+---------+-------
      Total |     160 |      49 |  23.4 |      51 |       3 |   5.6
            +---------+---------+-------+---------+---------+-------
        D:1 |      41 |       0 |   0.0 |      23 |       0 |   0.0
        D:2 |     119 |      49 |  29.2 |      28 |       3 |   9.7
            +---------+---------+-------+---------+---------+-------
